 Dungeon Crawl Stone Soup version 0.19-a0-1626-g5215c36 (webtiles) character file.

1493 Alarkh the Grave Robber (level 8, 0/57 HPs)
             Began as a Mummy Necromancer on Sept 18, 2016.
             Was a Follower of Okawaru.
             Slain by an orc warrior
             ... wielding a +0 trident
              (2 damage)
             ... on level 7 of the Dungeon.
             The game lasted 00:10:28 (6769 turns).

Alarkh the Grave Robber (Mummy Necromancer)         Turns: 6769, Time: 00:10:29

Health: 0/57       AC:  7    Str: 12    XL:     8   Next: 51%
Magic:  6/17       EV: 12    Int: 16    God:    Okawaru [*.....]
Gold:   275        SH:  0    Dex: 12    Spells: 3 memorised, 11 levels left

rFire  . . .     SeeInvis .     a - +0 long sword
rCold  + . .     Gourm    .     s - +0 leather armour {rF+}
rNeg   + + +     Faith    +     (no shield)
rPois  ∞         Spirit   .     h - +2 hat
rElec  .         Dismiss  .     l - +0 cloak
rCorr  .         Reflect  .     B - +0 pair of gloves
MR     +....     Harm     .     (no boots)
Stlth  +.........               f - amulet of faith
                                (no ring)
                                j - ring of flight

@: no status effects
A: no food or potions, fire vulnerability, cold resistance 1, negative energy
resistance 3, torment resistance, unbreathing
a: Heroism, Renounce Religion, Evoke Flight


You were on level 7 of the Dungeon.
You worshipped Okawaru.
Okawaru was aware of your devotion.
You were not hungry.

You visited 2 branches of the dungeon, and saw 8 of its levels.

You collected 327 gold pieces.
You spent 52 gold pieces at shops.

Inventory:

Hand Weapons
 a - a +0 long sword (weapon)
 c - a +0 dagger
 z - a +2 mace of protection
 D - a +0 short sword of speed
Armour
 h - a +2 hat (worn)
 l - a +0 cloak (worn)
 n - a +0 helmet
 r - a +0 robe
 s - a +0 leather armour of fire resistance (worn)
 B - a +0 pair of gloves (worn)
Jewellery
 f - an amulet of faith (around neck)
 j - a ring of flight (left hand)
Wands
 q - a wand of iceblast (1/15)
 v - a wand of polymorph (12/24)
 A - a wand of random effects (21/48)
Scrolls
 e - a scroll of teleportation
 g - 2 scrolls of amnesia
 i - a scroll of enchant armour
 k - 2 scrolls of noise
 m - a scroll of recharging
 o - a scroll of random uselessness
 p - 3 scrolls of enchant weapon {unknown}
 t - 3 scrolls of immolation {unknown}
 u - 2 scrolls of magic mapping {unknown}
 x - a scroll of silence {unknown}
 y - 4 scrolls of remove curse {unknown}
Books
 b - a book of Necromancy

   Spells                             Type                      Level
   a - Pain                           Necromancy                   1
   b - Animate Skeleton               Necromancy                   1
   c - Vampiric Draining              Necromancy                   3
   d - Regeneration                   Charms/Necromancy            3
   e - Animate Dead                   Necromancy                   4
   f - Control Undead                 Necromancy                   4
 d - a Fen Folio

   Spells                             Type                      Level
   a - Corpse Rot                     Necromancy                   2
   b - Stone Arrow                    Conjuration/Earth            3
   c - Leda's Liquefaction            Hexes/Earth                  4
   d - Summon Forest                  Summoning/Translocation      5
   e - Hydra Form                     Transmutation                6
   f - Summon Hydra                   Summoning                    7
 w - a book of Maledictions

   Spells                             Type                      Level
   a - Corona                         Hexes                        1
   b - Ensorcelled Hibernation        Hexes/Ice                    2
   c - Confuse                        Hexes                        3
   d - Tukima's Dance                 Hexes                        3
   e - Dazzling Spray                 Conjuration/Hexes            3
 C - a book of the Warp

   Spells                             Type                      Level
   a - Gell's Gravitas                Hexes/Translocation          3
   b - Force Lance                    Conjuration/Translocation    4
   c - Summon Forest                  Summoning/Translocation      5
   d - Dispersal                      Translocation                6
   e - Controlled Blink               Translocation                8
   f - Disjunction                    Translocation                8


   Skills:
 - Level 2.4 Fighting
 * Level 2.7 Long Blades
 - Level 2.0 Armour
 - Level 2.8 Dodging
 - Level 1.5 Stealth
 + Level 6.2 Spellcasting
 - Level 7.0 Necromancy


You had 11 spell levels left.
You knew the following spells:

 Your Spells              Type           Power        Failure   Level  Hunger
a - Pain                  Necr           ####         1%          1    N/A
b - Vampiric Draining     Necr           ####......   2%          3    N/A
c - Control Undead        Necr           ####......   12%         4    N/A

Dungeon Overview and Level Annotations

Branches:
Dungeon (7/15)             Temple (1/1) D:6

Altars:
Ashenzari
Cheibriados
Dithmenos
Elyvilon
Fedhas
Hepliaklqana
Kikubaaqudgha
Makhleb
Nemelex Xobeh
Okawaru
Qazlal
Ru
Sif Muna
Trog
Uskayaw
Vehumet
Xom
Yredelemnul
The Shining One

Shops:
D:6 *%(

Annotations:
D:3 sveltemanboy's ghost, amateur DsGl


Innate Abilities, Weirdness & Mutations

You do not eat or drink.
Your flesh is vulnerable to fire.
You are immune to poison.
Your flesh is cold resistant. (rC+)
You are immune to negative energy. (rN+++)
You are immune to unholy pain and torment.
You can survive without breathing.


Message History

The orc warrior hits you from afar with a trident!
Casting: Pain
Confirm with . or Enter, or press ? or * to list all spells.
Aiming: Pain
Press: ? - help, Shift-Dir - straight line, f/p - orc warrior
Aim: an orc warrior, wielding a trident and wearing a chain mail (heavily wounded, chance to defeat MR: 84%)
The orc warrior writhes in agony!
The orc warrior hits you from afar with a trident!
Casting: Pain
Confirm with . or Enter, or press ? or * to list all spells.
Aiming: Pain
Press: ? - help, Shift-Dir - straight line, f/p - orc warrior
Aim: an orc warrior, wielding a trident and wearing a chain mail (heavily wounded, chance to defeat MR: 84%)
The orc warrior writhes in agony!
The orc warrior hits you from afar with a trident!
* * * LOW HITPOINT WARNING * * *
Found 12 poisoned needles.
There is a stone staircase leading up here.
The orc warrior hits you from afar with a trident.
You die...

..+ +................
..# #...##.#...[#.#.#
..# #.. #.#....#...#
..# #. #.#.#......#
..# # #.#.#......# #
... ######+#.#......#
..# #..
.........'......#)..#
........##.....)....#
........#@.o.())....#
........#...###.....#
........#.#.# ....#
........#.#.# ....
#####.###.#.. ... #.
#.###. .[ #.# .# .
(.# #


You could see an orc warrior.

Vanquished Creatures
  2 steam dragons (D:6)
  An ice beast (D:5)
  A phantom (D:6)
  A black bear (D:6)
  2 bullfrogs
  2 scorpions
  2 crimson imps (D:6)
  4 hounds
  3 orc wizards
  4 orc priests
  A worker ant (D:5)
  A hound skeleton (D:4)
  Robin (D:2)
  10 adders
  3 shadow imps
  An ooze (D:5)
  An adder skeleton (D:6)
  A worm (D:2)
  7 dart slugs
  5 leopard geckos
  21 orcs
  3 bat zombies (D:3)
  5 giant cockroaches
  15 goblins
  11 hobgoblins
  3 jackals (D:4)
  8 kobolds
  3 quokkas
  9 bats
  2 frilled lizards
  2 jackal skeletons
  2 leopard gecko skeletons
  5 rats
  2 rat zombies (D:3)
  A fungus (D:6)
145 creatures vanquished.

Notes
Turn   | Place    | Note
-------+----------+-------------------------------------------
     0 | D:1      | Alarkh the Mummy Necromancer began the quest for the Orb.
     0 | D:1      | Reached XP level 1. HP: 13/13 MP: 3/3
   128 | D:1      | Reached XP level 2. HP: 11/19 MP: 1/5
   987 | D:2      | Reached XP level 3. HP: 24/24 MP: 3/6
   992 | D:2      | Learned a level 3 spell: Vampiric Draining
  1233 | D:2      | Noticed Robin
  1364 | D:2      | Killed Robin
  1364 | D:2      | Reached skill level 5 in Necromancy
  1364 | D:2      | Reached XP level 4. HP: 17/30 MP: 1/8
  1665 | D:2      | Learned a level 4 spell: Control Undead
  2066 | D:3      | Noticed sveltemanboy's ghost (amateur DsGl)
  2107 | D:3      | Reached XP level 5. HP: 17/35 MP: 5/10
  2828 | D:3      | Found an ancient bone altar of Kikubaaqudgha.
  3419 | D:3      | Reached skill level 6 in Necromancy
  3419 | D:3      | Reached XP level 6. HP: 21/41 MP: 0/12
  3827 | D:4      | Found a shadowy altar of Dithmenos.
  4455 | D:4      | Reached skill level 5 in Spellcasting
  4455 | D:4      | Reached XP level 7. HP: 36/46 MP: 6/14
  4632 | D:5      | Entered Level 5 of the Dungeon
  4724 | D:5      | Reached skill level 7 in Necromancy
  5430 | D:5      | Reached skill level 1 in Fighting
  5430 | D:5      | Reached skill level 1 in Armour
  5517 | D:6      | Found Haoh's Food Shop.
  5518 | D:6      | Found Tiyb's General Store.
  5639 | D:6      | Found a staircase to the Ecumenical Temple.
  5654 | Temple   | Entered the Ecumenical Temple
  5856 | Temple   | Became a worshipper of Warmaster Okawaru
  5924 | D:6      | Reached XP level 8. HP: 52/56 MP: 16/16
  6187 | D:6      | Found Daophih's Weapon Shop.
  6192 | D:6      | Bought a +0 long sword for 52 gold pieces
  6238 | D:6      | Reached * piety under Okawaru
  6238 | D:6      | Reached skill level 1 in Long Blades
  6764 | D:7      | HP: 1/57 [orc warrior/trident (17)]
  6769 | D:7      | Slain by an orc warrior

Vault maps used:
D:1:      dpeg_arrival_chase, minmay_pentomino_s4
D:2:      uniq_robin
D:3:      lemuel_zombie_altar_kikubaaqudgha, first_bread
D:4:      serial_glass, glass_columns_b, glass_columns_a, glass_columns_a,
          glass_columns_b, glass_columns_c, glass_columns_a,
          nicolae_dithmenos_shadow_blocks
D:5:      hangedman_decor_riveting
D:6:      kennysheep_steamy, serial_shops, shop, shop, shop
D:7:      old_standard_altar, serial_glass, glass_columns_c, glass_columns_a,
          the_bakery
Temple:   hc_temple_tempest_star

Skill      XL: |  1  2  3  4  5  6  7  8 |
---------------+-------------------------+-----
Spellcasting   | 3 4 5 6 |  6.2
Necromancy     | 5 6 7 |  7.0
Fighting       | 2 |  2.4
Armour         | 1 2 |  2.0
Dodging        | 2 |  2.8
Long Blades    | 2 |  2.7
Stealth        | |  1.5

Action                   |  1- 3 |  4- 6 |  7- 9 || total
-------------------------+-------+-------+-------++-------
Melee: Unarmed           |     5 |       |       ||     5
       Dagger            |    31 |    16 |       ||    47
       Short sword       |       |    74 |     1 ||    75
       Mace              |       |       |   139 ||   139
       Long sword        |       |       |     1 ||     1
 Cast: Pain              |    64 |   145 |    85 ||   294
       Vampiric Draining |       |     5 |       ||     5
 Abil: Evoke Flight      |     1 |       |       ||     1
Evoke: Wand              |       |       |     6 ||     6
  Use: Scroll            |     1 |     2 |     5 ||     8
 Stab: Sleeping          |     1 |       |     1 ||     2
Armor: Robe              |    20 |    31 |       ||    51
       Leather armour    |       |    41 |    87 ||   128
Dodge: Dodged            |    45 |    93 |   101 ||   239
